Map: Аура смерти РВ

Players

Kantara

  • Race: Protoss Protoss
  • League: Diamond
  • Spawn Location: 11:00

teryagov - Winner!

  • Race: Zerg Zerg
  • League: Master
  • Spawn Location: 5:00

VOD

Have the link to the VOD?

Description

Time

  • Played on: Dec. 5, 2020, 9:05 p.m.
  • Length: 13:58
Show
View Real Time Build Order
Export as new Build Order

Kantara Protoss 

Build Orders: 1 Gate Expand 

Get SALT Encoding   

  12  0:00  Probe  
  13  0:12  Probe  
  14  0:19  Pylon  
  14  0:25  Probe (Chrono Boost)  
  15  0:39  Probe (Chrono Boost), Gateway  
  16  0:44  Probe (Chrono Boost)  
  16  0:47  Assimilator  
  17  0:54  Probe  
  18  1:06  Probe  
  20  1:18  Probe  
  20  1:24  Nexus  
  20  1:36  Cybernetics Core  
  20  1:39  Probe  
  21  1:46  Assimilator  
  21  1:52  Probe  
  22  1:55  Pylon  
  22  2:05  Probe  
  23  2:13  Adept  
  23  2:14  Warp Gate  
  25  2:17  Probe  
  27  2:30  Probe (Chrono Boost)  
  27  2:34  Stargate  
  27  2:36  Probe (Chrono Boost)  
  28  2:42  Probe (Chrono Boost)  
  29  2:46  Probe (Chrono Boost)  
  29  2:48  Probe (Chrono Boost)  
  31  2:51  Probe (Chrono Boost)  
  31  2:54  Sentry  
  31  2:57  Assimilator  
  34  2:58  Probe (Chrono Boost)  
  34  2:59  Assimilator  
  34  3:02  Probe (Chrono Boost)  
  35  3:11  Probe x2 (Chrono Boost)  
  37  3:13  Pylon  
  37  3:14  Void Ray  
  37  3:15  Pylon  
  37  3:19  Probe  
  42  3:35  Pylon  
  42  3:37  Probe (Chrono Boost)  
  42  3:38  Probe (Chrono Boost)  
  44  3:48  Probe x2 (Chrono Boost)  
  46  3:49  Stargate  
  46  3:53  Probe (Chrono Boost)  
  47  4:00  Void Ray  
  47  4:05  Probe x2  
  54  4:17  Probe x2  
  54  4:20  Shield Battery  
  54  4:23  Nexus  
  55  4:29  Probe, Pylon  
  56  4:31  Void Ray  
  56  4:32  Probe  
  61  4:45  Probe (Chrono Boost)  
  62  4:48  Probe (Chrono Boost)  
  63  4:55  Probe (Chrono Boost)  
  63  4:56  Probe (Chrono Boost)  
  63  4:57  Robotics Facility  
  65  5:01  Twilight Council  
  65  5:02  Probe  
  65  5:05  Probe  
  67  5:10  Pylon  
  67  5:14  Probe  
  68  5:22  Void Ray  
  68  5:28  Probe x2  
  74  5:40  Assimilator, Probe  
  74  5:41  Assimilator, Probe x2  
  77  5:43  Pylon  
  77  5:44  Charge  
  77  5:45  Pylon  
  77  5:51  Robotics Bay  
  77  5:52  Probe  
  77  5:53  Probe  
  79  5:57  Robotics Facility  
  79  5:58  Observer, Pylon  
  80  6:07  Gateway  
  80  6:10  Probe x2  
  80  6:11  Probe  
  83  6:12  Gateway  
  83  6:14  Pylon  
  83  6:22  Probe  
  83  6:23  Probe x2  
  86  6:34  Probe  
  86  6:35  Probe x2  
  89  6:47  Colossus x2 (Chrono Boost), Probe x3  
  90  6:52  Gateway  
  104  6:54  Gateway  
  104  7:00  Forge, Zealot  
  106  7:03  Pylon  
  106  7:05  Pylon x2  
  106  7:20  Nexus  
  106  7:21  Gateway  
  106  7:22  Gateway  
  106  7:24  Gateway  
  106  7:26  Assimilator x2, Pylon  
  106  7:27  Gateway  
  106  7:28  Pylon  
  106  7:33  Protoss Ground Weapons Level 1 (Chrono Boost)  
  106  7:39  Zealot x3  
  106  7:41  Extended Thermal Lance  
  112  7:46  Pylon  
  112  7:48  Pylon  
  112  7:54  Zealot x2  
  112  7:58  Disruptor (Chrono Boost), Colossus (Chrono Boost)  
  125  8:15  Probe x3  
  125  8:17  Shield Battery  
  125  8:19  Photon Cannon, Shield Battery  
  128  8:21  Photon Cannon  
  128  8:24  Zealot x5  
  120  9:06  Oracle x2  
  127  9:10  Probe x3  
  127  9:12  Disruptor x2  
  134  9:31  Nexus  
  134  9:32  Probe x2  
  134  9:33  Probe, Pylon  
  134  9:36  Zealot x9  
  155  9:44  Probe x2  
  157  9:48  Disruptor x2  
  163  9:54  Gateway  
  163  9:55  Gateway  
  163  9:56  Gateway  
  163  9:57  Photon Cannon  
  163  9:59  Shield Battery  
  164  10:00  Probe x3  
  164  10:01  Shield Battery  
  166  10:12  Probe  
  140  11:01  Fleet Beacon  
  140  11:03  Templar Archives  
  140  11:05  Gateway x3  
  140  11:08  Stalker x2  
  140  11:09  Stalker x2  
  148  11:17  Nexus  
  137  11:49  Zealot x6  
  137  11:51  Nexus, Gateway  
  137  11:52  Pylon  
  149  12:04  Void Ray x2  
  152  12:36  Probe x2  
  154  12:41  Void Ray  
  154  12:48  Probe x2  
  142  12:57  Stalker x7  
  142  12:58  Stalker x5  
  150  13:00  Probe x2  
  139  13:12  Probe x2  
  116  13:20  Zealot x7  
  116  13:21  Zealot x2  
  116  13:23  Probe  
  109  13:43  Stalker  
  109  13:44  Stalker x4  
Show
View Real Time Build Order
Export as new Build Order

teryagov Zerg - Winner!

Build Orders: Hatch First, Lurkers 

Get SALT Encoding   

  12  0:01  Drone  
  13  0:12  Overlord  
  13  0:16  Drone  
  14  0:31  Drone x2  
  16  0:49  Hatchery  
  15  0:52  Drone  
  15  0:56  Drone  
  17  1:00  Drone  
  18  1:10  Extractor  
  17  1:15  Spawning Pool  
  16  1:18  Drone  
  16  1:22  Drone  
  18  1:28  Drone  
  19  1:40  Drone  
  20  1:49  Overlord  
  20  2:02  Queen x2  
  24  2:22  Drone x2  
  26  2:23  Drone x2  
  28  2:34  Hatchery  
  27  2:38  Pneumatized Carapace  
  27  2:51  Overlord  
  27  2:52  Drone  
  27  2:53  Drone, Queen  
  27  2:56  Metabolic Boost  
  31  3:07  Drone x4  
  31  3:09  Drone  
  36  3:18  Drone  
  36  3:19  Drone x3  
  40  3:29  Drone x2  
  40  3:30  Drone  
  43  3:41  Drone  
  44  3:46  Drone x2  
  44  3:48  Queen  
  48  3:49  Overlord  
  48  4:01  Overlord  
  48  4:02  Drone x2  
  50  4:04  Lair  
  50  4:11  Overlord x2  
  50  4:18  Extractor  
  50  4:20  Extractor x2, Drone x3  
  50  4:21  Extractor, Drone  
  50  4:22  Drone x2  
  50  4:23  Drone  
  53  4:27  Queen  
  55  4:36  Queen  
  57  4:38  Drone  
  57  4:39  Drone  
  57  4:40  Drone  
  57  4:42  Drone  
  57  4:44  Drone x2  
  63  4:47  Drone x2  
  63  4:51  Drone x2  
  63  4:52  Evolution Chamber  
  66  4:54  Evolution Chamber, Drone  
  66  4:57  Drone  
  66  4:58  Drone x2  
  69  5:05  Drone x2  
  69  5:06  Drone  
  72  5:16  Drone x2  
  74  5:30  Spore Crawler  
  74  5:31  Hatchery  
  72  5:37  Hydralisk Den, Drone x2  
  72  5:39  Overlord x2  
  73  5:46  Spore Crawler  
  73  5:49  Spore Crawler  
  71  5:51  Queen  
  71  5:56  Zerg Missile Weapons Level 1  
  73  5:57  Zerg Ground Armor Level 1  
  73  5:59  Drone x4  
  73  6:00  Drone x7  
  84  6:14  Spore Crawler  
  84  6:17  Overlord x3  
  84  6:18  Hydralisk  
  83  6:19  Extractor  
  83  6:21  Drone x3  
  83  6:24  Extractor  
  86  6:30  Hatchery  
  86  6:36  Hydralisk  
  86  6:37  Hydralisk x6  
  100  6:41  Hydralisk  
  100  6:43  Overlord  
  100  6:45  Muscular Augments  
  102  6:47  Hatchery  
  102  6:51  Overseer  
  101  6:54  Hydralisk  
  101  6:55  Hydralisk x5  
  113  7:11  Hydralisk x4  
  113  7:13  Overlord x2  
  113  7:15  Overseer  
  121  7:23  Overlord  
  121  7:24  Overlord x2  
  121  7:31  Hydralisk x7  
  121  7:32  Hydralisk  
  121  7:34  Zergling x2  
  138  7:47  Roach Warren  
  137  7:51  Spire  
  137  7:53  Hydralisk  
  137  7:54  Zergling x2  
  137  7:55  Zergling x2  
  137  7:56  Grooved Spines  
  140  7:59  Baneling Nest  
  140  8:02  Hydralisk x4, Zergling x2  
  140  8:03  Hydralisk x2  
  152  8:08  Drone  
  152  8:09  Lurker Den  
  152  8:12  Drone x4  
  156  8:28  Hydralisk x2, Zergling x2  
  156  8:29  Hydralisk, Zergling x6  
  165  8:35  Spine Crawler  
  164  8:44  Hydralisk  
  164  8:48  Hydralisk x2  
  151  9:05  Drone  
  151  9:06  Drone x3  
  151  9:07  Overlord x3  
  151  9:09  Corruptor  
  155  9:10  Corruptor x4  
  165  9:23  Corruptor  
  166  9:27  Drone x4  
  166  9:28  Drone x3  
  173  9:32  Extractor  
  173  9:34  Zerg Ground Armor Level 2, Zerg Missile Weapons Level 2  
  173  9:37  Infestation Pit  
  171  9:47  Corruptor  
  171  9:48  Corruptor x3  
  179  9:53  Roach x5  
  179  9:54  Overlord x3  
  189  10:07  Zergling x2  
  183  10:22  Hydralisk  
  183  10:23  Hydralisk x2, Zergling x4  
  183  10:24  Zergling x2  
  183  10:27  Hydralisk x2  
  183  10:28  Hydralisk, Zergling x6  
  187  10:38  Corruptor x3  
  193  10:45  Hydralisk x2  
  193  10:46  Roach  
  193  10:48  Hatchery, Lurker  
  199  10:50  Extractor  
  199  10:52  Lurker  
  199  10:53  Extractor  
  194  11:17  Hydralisk, Corruptor x3  
  198  11:43  Lurker x3  
  198  11:45  Hive  
  199  11:52  Drone  
  198  12:32  Drone x2  
  198  12:33  Overlord x2  
Tags
 
Add a new tag
Caveats
  • Supply blocks, unpowered buildings, or Contaminate may cause inaccurate times.
  • Supply counts are checked every 10 seconds.